AoeStats
← LeoPlaysVal

Golden Pit

503658614Analyzed
1v1 RM · 1mo ago on Sep 1, 2026· 54m 25s· 2 players
Game mode
Random Map
Map size
Tiny (2 player)
Population
200
Speed
Normal
Resources
Standard
Victory
Conquest
Starting age
Dark Age
Ending age
Imperial Age
RankedLock teamsTeams togetherTeam positionsShared explorationLock speedFull tech treeHidden civsTurbo modeCheats
Victory
Defeat
🇧🇷 Britons · Brazil
577
+20
🇨🇦 Jurchens · Canada
657
-45
Jackaré
9:20 Feudal Age
12:07 Horse Collar
13:55 Double-Bit Axe
15:50 Scale Barding Armor
15:56 Forging
15:51 Padded Archer Armor
16:02 Scale Barding Armor
16:30 Stone Mining
18:30 Fletching
18:44 Town Watch
19:34 Wheelbarrow
19:16 Gold Mining
25:22 Castle Age
25:38 Crossbowman
28:20 Heavy Plow
28:34 Bow Saw
28:46 Leather Archer Armor
29:07 Iron Casting
28:52 Chain Barding Armor
30:41 Gold Shaft Mining
37:12 Imperial Age
35:41 Bodkin Arrow
39:26 Ring Archer Armor
39:57 Blast Furnace
39:32 Plate Barding Armor
38:21 Cavalier
40:30 Chemistry
39:58 Husbandry
41:06 Arbalester
42:27 Fortified Wall
42:45 Ballistics
48:08 Bracer
52:29 Hand Cart
52:27 Elite Longbowman
LeoPlaysVal
11:11 Feudal Age
14:38 Double-Bit Axe
19:35 Bloodlines
25:06 Castle Age
25:09 Scale Barding Armor
25:48 Light Cavalry
34:59 Gold Mining
35:23 Bow Saw
35:14 Horse Collar
41:27 Imperial Age
41:16 Chain Barding Armor
40:39 Elite Skirmisher
42:48 Conscription
43:24 Gold Shaft Mining
45:27 Ballistics
Connection lost

Rejoining the realm…

Still unreachable

The connection could not be restored.

Session expired

The server has moved on; the page needs a fresh start.